 Dungeon Crawl Stone Soup version 0.30-a0-605-gb2882149bf (webtiles) character file.

Game seed: 10332079775610147086

5684 gelatine the Firebug (level 10, -4/73 HPs)
             Began as a Demonspawn Fire Elementalist on Jan 8, 2023.
             Was a Priest of Sif Muna.
             Slain by an orc warrior
             ... wielding a +0 halberd
             ... led by an orc knight
              (9 damage)
             ... on level 2 of the Orcish Mines.
             The game lasted 00:29:07 (10356 turns).

gelatine the Firebug (DsFE)                        Turns: 10356, Time: 00:29:08

Health: -4/73      AC: 11    Str: 13    XL:     10   Next: 47%
Magic:  10/18      EV: 13    Int: 23    God:    Sif Muna [***...]
Gold:   253        SH:  9    Dex: 14    Spells: 10/20 levels left

rFire   + + .      SeeInvis .    r - +3 quarterstaff (chaos)
rCold   x . .      Faith    .    (shield currently unavailable)
rNeg    . . .      Spirit   .    S - +0 robe of Muigish {Str+4}
rPois   .          Reflect  +    (no helmet)
rElec   .          Harm     .    h - +0 cloak
rCorr   .          Rampage  .    y - +0 pair of gloves
Will    .....                    (no boots)
Stlth   ++                       N - amulet of Amoylik {Reflect Fly rF+ Int+3 SH+5}
HPRegen 0.32/turn                l - +4 ring of slaying
MPRegen 0.16/turn                p - ring of fire

@: flying
A: thin metallic scales 2, icemail 1, condensation shield, demonic magic 2,
weakness stinger 2
a: Renounce Religion, Channel Magic, Forget Spell


You were on level 2 of the Orcish Mines.
You worshipped Sif Muna.
Sif Muna was most pleased with you.
You visited 2 branches of the dungeon, and saw 11 of its levels.

You collected 628 gold pieces.
You spent 375 gold pieces at shops.

Inventory:

Hand Weapons
 r - a +3 quarterstaff of chaos (weapon)
 F - a +6 dagger of draining
 V - a +2 hand axe of venom
Missiles
 D - a throwing net
Armour
 h - a +0 cloak (worn)
 s - an orb of energy
 y - a +0 pair of gloves (worn)
 Q - +0 acid dragon scales
 R - a +0 buckler
 S - the +0 robe of Muigish (worn) {Str+4}
   (You found it on level 9 of the Dungeon)

   Str:       It affects your strength (+4).
 U - a +1 chain mail of fire resistance
Jewellery
 a - a ring of protection from fire
 k - a ring of flight
 l - a +4 ring of slaying (left hand)
 p - a ring of fire (right hand)
 v - an amulet of the acrobat
 G - a ring of wizardry
 I - a +6 ring of strength
 N - the amulet of Amoylik (around neck) {Reflect Fly rF+ Int+3 SH+5}
   (You found it on level 8 of the Dungeon)

   [amulet of reflection]

   It reflects blocked missile attacks.
   Int:       It affects your intelligence (+3).
   rF:        It protects you from fire.
   Fly:       It grants you flight.
   SH:        It affects your SH (+5).
 P - a +6 ring of intelligence
 T - the ring "Vuoraqoxyf" {Fire Fly Str+9 Int-2 Dex+3}
   (You found it on level 9 of the Dungeon)

   [ring of fire]

   It enhances your fire magic.
   Str:       It affects your strength (+9).
   Int:       It affects your intelligence (-2).
   Dex:       It affects your dexterity (+3).
   rF:        It protects you from fire.
   rC:        It makes you vulnerable to cold.
   Fly:       It grants you flight.
Wands
 c - a wand of iceblast (27)
 q - a wand of flame (15)
 B - a wand of paralysis (26)
 J - a wand of mindburst (15)
 W - a wand of acid (3)
Scrolls
 d - a scroll of fog
 e - a scroll of teleportation
 f - 3 scrolls of fear
 i - a scroll of immolation {unknown}
 j - 2 scrolls of amnesia
 m - a scroll of magic mapping
 t - a scroll of poison {unknown}
 u - a scroll of acquirement {unknown}
 x - a scroll of noise {unknown}
 z - a scroll of blinking
 K - a scroll of summoning {unknown}
 M - a scroll of enchant armour
Potions
 b - a potion of magic
 g - 2 potions of flight {unknown}
 n - 2 potions of ambrosia {unknown}
 o - 6 potions of mutation {unknown}
 w - 3 potions of brilliance {unknown}
 A - a potion of curing
 C - a potion of invisibility
 E - 2 potions of haste
 H - 2 potions of berserk rage
 L - a potion of cancellation {unknown}
 O - 2 potions of degeneration {unknown}


   Skills:
 * Level 4.7 Fighting
 * Level 4.1 Staves
 + Level 2.0 Armour
 * Level 4.6 Dodging
 + Level 3.3 Stealth
 * Level 3.9 Shields
 + Level 5.7 Spellcasting
 * Level 5.5 Conjurations
 * Level 6.5 Fire Magic
 * Level 4.4 Invocations
 * Level 4.3 Evocations


You had 10 spell levels left.
You knew the following spells:

 Your Spells              Type           Power      Damage    Failure   Level
a - Foxfire               Conj/Fire      100%       2x1d9     1%          1
b - Scorch                Fire           100%       2d10      1%          2
c - Kindle Blastsparks    Fire/Tloc/Air  50%        2d14      11%         3
d - Flame Wave            Conj/Fire      51%        2d13      8%          4

Your spell library contained the following spells:

 Spells                   Type           Power      Damage    Failure   Level
 Inner Flame              Hex/Fire       32%        N/A       7%          3
 Freeze                   Ice            24%        1d4       9%          1
 Hailstorm                Conj/Ice       19%        3d6       9%          3
 Frozen Ramparts          Ice            12%        1d2       26%         3
 Animate Armour           Summ/Erth      12%        N/A       65%         4
 Statue Form              Tmut/Erth      4%         N/A       100%        6
 Shatter                  Erth           3%         3d7*      100%        9


Dungeon Overview and Level Annotations

Branches:
Dungeon (9/15)             Temple (0/1) D:5             Orc (2/2) D:9
    Elf (0/3) Orc:2
   Lair: D:8-11

Altars:
Cheibriados
Dithmenos
Okawaru
Sif Muna
Xom
Yredelemnul

Shops:
D:5 (   D:6 *   D:8 (*?   D:9 (


Innate Abilities, Weirdness & Mutations

You are mostly covered in thin metallic scales. (AC +3)
A meltable icy envelope protects you from harm. (AC +4)
A meltable shield of frost defends you. (SH +4)
Spells you cast may paralyse nearby enemies.
You have a tail ending in a sharp stinger.


Message History

The orc priest casts a cantrip, but nothing happens.
The helpless warg fails to defend itself.
You thump the warg!
The warg is almost dead.
The warg is no longer paralysed.
The foxfire hits the warg!
You kill the warg!
Sif Muna accepts your kill.
The foxfire hits the orc knight but does no damage.
The orc knight roars a battlecry!
The orc goes into a battle-frenzy!
The orc priest miscasts a cantrip.
The helpless orc warrior fails to defend itself.
You hit the orc warrior.
Nothing appears to happen.
The orc warrior is heavily wounded.
You feel a surge of power!
You conjure some foxfire!
Malevolent energies surge around you.
The foxfire hits the orc warrior but does no damage.
The orc knight hits you with a +0 great mace!
The helpless orc warrior fails to defend itself.
You sock the orc warrior!
The orc warrior is poisoned.
You tail-slap the orc warrior, but do no damage.
The orc warrior is almost dead.
The foxfire hits the orc warrior.
The orc warrior is lightly wounded.
You block the orc warrior's attack.
The orc knight hits you with a +0 great mace!
The orc priest begins to cast a cantrip, but forgets the words!
The helpless orc warrior fails to defend itself.
You hit the orc warrior.
You kill the orc warrior!
Sif Muna accepts your kill. The orc warrior closely misses you.
You block the orc warrior's attack.
The orc knight hits you with a +0 great mace!
* * * LOW HITPOINT WARNING * * *
You can't go down here!
The orc priest mumbles some strange prayers to Beogh against you.
Beogh smites you!
* * * LOW HITPOINT WARNING * * *
The orc warrior hits you from afar with a +0 halberd!
You die...

......$..
.........
.).......
###$......#
##....$o....
#..oo.o)....
#..o.)...$..
#..o@..#
#.........#
#.......###
##.....$.
#...>...
####.....
###... ...<.


You could see an orc knight, 2 orc warriors, an orc priest (strong) and 2 orcs.

Vanquished Creatures
  An orc sorcerer (Orc:1)
  An ice statue (D:9)
  A hornet (D:9)
  2 shadows (D:9)
  A wraith (D:9)
  3 yaks (D:9)
  A warg (Orc:2)
  Menkaure (D:6)
  An acid dragon (D:8)
  3 water moccasins (D:7)
  A sky beast (D:7)
  2 ice beasts
  4 orc warriors
  3 ogres
  A black bear (D:7)
  3 centaurs
  2 kobold brigands
  2 bullfrogs (D:7)
  2 scorpions
  A necrophage (D:5)
  13 killer bees
  4 howler monkeys
  A quasit (D:8)
  4 jellies
  A gnoll bouda (D:5)
  2 hounds (D:5)
  2 orc priests
  Crazy Yiuf (D:2)
  Ijyb (D:5)
  5 iguanas
  An orc wizard (D:5)
  6 ogre zombies (D:9)
  5 gnolls
  3 adders
  4 shadow imps
  2 white imps (D:6)
  2 ufetubi
  4 worms
  4 dart slugs
  30 orcs
  10 ball pythons
  3 bats
  6 endoplasms
  2 giant cockroaches
  A goblin (D:1)
  10 hobgoblins
  6 jackals
  10 kobolds
  A quokka (D:3)
  3 training dummies (D:5)
  3 frilled lizards
  A hobgoblin skeleton (D:9)
  3 hobgoblin zombies (D:9)
  3 orc skeletons (D:9)
  11 orc zombies (D:9)
  4 rats
  A spectral orc (D:9)
209 creatures vanquished.

Vanquished Creatures (collateral kills)
  A foxfire (D:1)
1 creature vanquished.

Vanquished Creatures (others)
  A demonic plant (D:8)
  837 foxfires
838 creatures vanquished.

Grand Total: 1048 creatures vanquished

Notes
Turn   | Place    | Note
-------+----------+-------------------------------------------
     0 | D:1      | gelatine the Demonspawn Fire Elementalist began the quest
                  | for the Orb.
     0 | D:1      | Reached XP level 1. HP: 13/13 MP: 3/3
   260 | D:1      | You fall into a shaft and drop 1 floor!
   381 | D:1      | Gained mutation: A meltable shield of frost defends you.
                  | (SH +4) [demonic ancestry]
   381 | D:1      | Reached XP level 2. HP: 19/19 MP: 0/5
   469 | D:1      | Reached skill level 3 in Fire Magic
   722 | D:1      | Gained mutation: You have a small tail. [demonic ancestry]
   722 | D:1      | Reached XP level 3. HP: 24/24 MP: 0/6
  1422 | D:2      | Learned a level 2 spell: Scorch
  1929 | D:2      | Found a runed translucent door.
  1930 | D:2      | Noticed Crazy Yiuf
  1937 | D:2      | Killed Crazy Yiuf
  1938 | D:2      | Gained mutation: You are partially covered in thin metallic
                  | scales. (AC +2) [demonic ancestry]
  1938 | D:2      | Reached XP level 4. HP: 31/31 MP: 0/8
  2847 | D:3      | Found a shimmering blue altar of Sif Muna.
  2853 | D:3      | Became a worshipper of Sif Muna the Loreminder
  3339 | D:4      | Found Haquyn's Antique Weapon Boutique.
  3359 | D:4      | Gained mutation: Spells you cast may paralyse adjacent
                  | enemies. [demonic ancestry]
  3359 | D:4      | Reached XP level 5. HP: 36/36 MP: 4/10
  3984 | D:4      | Found a shadowy altar of Dithmenos.
  3989 | D:4      | Found an iron altar of Okawaru.
  3989 | D:4      | Found a shimmering altar of Xom.
  3993 | D:4      | Found a snail-covered altar of Cheibriados.
  4137 | D:5      | Entered Level 5 of the Dungeon
  4161 | D:5      | Noticed an ogre
  4303 | D:5      | Reached skill level 1 in Fighting
  4303 | D:5      | Reached XP level 6. HP: 36/43 MP: 4/11
  4405 | D:5      | Noticed Ijyb
  4415 | D:5      | Killed Ijyb
  4426 | D:5      | Reached skill level 1 in Evocations
  4430 | D:5      | Reached skill level 1 in Staves
  4445 | D:5      | Reached skill level 1 in Armour
  4447 | D:5      | Reached skill level 1 in Shields
  4736 | D:5      | Found Qiweadd's Firing Range.
  4821 | D:5      | Noticed an ice beast
  4827 | D:5      | Killed an ice beast
  4828 | D:5      | Gained mutation: Spells you cast may paralyse nearby
                  | enemies. [demonic ancestry]
  4828 | D:5      | Reached XP level 7. HP: 42/48 MP: 3/12
  4828 | D:5      | Reached * piety under Sif Muna
  4994 | D:5      | Found a staircase to the Ecumenical Temple.
  5162 | D:5      | Reached skill level 4 in Fire Magic
  5353 | D:6      | Noticed Menkaure
  5357 | D:6      | Killed Menkaure
  5358 | D:6      | Gained mutation: A meltable icy envelope protects you from
                  | harm. (AC +4) [demonic ancestry]
  5358 | D:6      | Reached XP level 8. HP: 29/56 MP: 0/14
  5656 | D:6      | Found Sirec's Assorted Antiques.
  5765 | D:6      | Bought a scroll labelled FUASUOSAOCK for 30 gold pieces
  5765 | D:6      | Bought a runed bone ring for 150 gold pieces
  6233 | D:6      | Reached skill level 1 in Invocations
  6429 | D:7      | Reached skill level 5 in Fire Magic
  6765 | D:7      | Reached ** piety under Sif Muna
  6770 | D:7      | Gained mutation: You have a tail ending in a sharp stinger.
                  | [demonic ancestry]
  6770 | D:7      | Reached XP level 9. HP: 64/64 MP: 8/16
  7256 | D:7      | Reached skill level 5 in Spellcasting
  7421 | D:8      | Found Boeren's Weapon Shop.
  7624 | D:8      | Got the Book of the Valley
  7629 | D:8      | Learned a level 3 spell: Kindle Blastsparks
  7634 | D:8      | Learned a level 4 spell: Flame Wave
  7794 | D:8      | Found Gudut's Magic Scroll Shoppe.
  7834 | D:8      | Bought a scroll of enchant armour for 120 gold pieces
  7849 | D:8      | Identified the amulet of Amoylik {Reflect Fly rF+ Int+3
                  | SH+5}
  7930 | D:8      | Found Dean's General Store.
  7934 | D:8      | Bought a potion of heal wounds for 75 gold pieces
  8281 | D:9      | Found a staircase to the Orcish Mines.
  8501 | D:9      | Reached skill level 6 in Fire Magic
  8673 | D:9      | Found a basalt altar of Yredelemnul.
  8984 | D:9      | Reached *** piety under Sif Muna
  9066 | D:9      | Gained mutation: You are mostly covered in thin metallic
                  | scales. (AC +3) [demonic ancestry]
  9066 | D:9      | Reached XP level 10. HP: 71/71 MP: 13/18
  9126 | D:9      | Found Qanoudoc's Weapon Boutique.
  9146 | D:9      | Noticed an ice statue
  9159 | D:9      | Killed an ice statue
  9177 | D:9      | Identified the +0 robe of Muigish {Str+4}
  9185 | D:9      | Identified the ring "Vuoraqoxyf" {Fire Fly Str+9 Int-2
                  | Dex+3}
  9517 | D:9      | Reached skill level 5 in Conjurations
 10250 | Orc:1    | Entered Level 1 of the Orcish Mines
 10272 | Orc:1    | Noticed an orc sorcerer
 10278 | Orc:1    | Noticed a sixfirhy
 10278 | Orc:1    | Killed an orc sorcerer
 10341 | Orc:2    | Entered Level 2 of the Orcish Mines
 10341 | Orc:2    | Found a staircase to the Elven Halls.
 10344 | Orc:2    | Noticed an orc knight
 10356 | Orc:2    | Slain by an orc warrior

Illustrated notes

Levels and vault maps discovered:
D:1:      dpeg_arrival_radiant, layout_loops_ring, nicolae_grassy_gnolls
D:2:      layout_loops_ring, uniq_crazy_yiuf_cottage
D:3:      layout_loops_ring, led_sif_pool
D:4:      layout_basic, minitemple, serial_shops, nicolae_shop_waterfront
D:5:      cheibrodos_iron_armory, layout_basic, minmay_temple_entry_wispy,
          grunt_ministairs_15, hangedman_decor_clover_reticule,
          nicolae_shop_firing_range, uniq_ijyb
D:6:      layout_rooms, kennysheep_small_square, uniq_menkaure
D:7:      layout_loops_cross
D:8:      layout_basic, serial_shops, shop, nicolae_stop_n_shop_1, shop,
          serial_demonic, serial_demonic_e, serial_demonic_a, serial_demonic_g,
          serial_demonic_c, chequers_serial_rivers_micro_a
D:9:      layout_long_grid, yredelemnul_forgotten_temple_becter,
          zombieorc1_lemuel, serial_shops, nicolae_shop_bloodbath_and_beyond,
          minivault_15, nicolae_nh_ransacked_shop
Orc:1:    layout_diamond_mine, basic_altar
Orc:2:    st_orc_congregation, layout_diamond_mine, nicolae_orc_tapped_out

Skill      XL: |  1  2  3  4  5  6  7  8  9 10 |
---------------+-------------------------------+-----
Dodging        | 2 3 4 |  4.6
Fire Magic     | 3 4 5 6 |  6.5
Spellcasting   | 3 4 5 |  5.7
Conjurations   | 2 3 4 5 |  5.5
Fighting       | 1 2 3 4 |  4.7
Evocations     | 1 2 4 |  4.3
Staves         | 1 2 3 4 |  4.1
Armour         | 1 2 |  2.0
Stealth        | 2 3 |  3.3
Shields        | 1 2 3 |  3.9
Invocations    | 2 3 4 |  4.4

Action                   |  1- 3 |  4- 6 |  7- 9 | 10-12 || total
-------------------------+-------+-------+-------+-------++-------
Melee: Dagger            |     9 |       |       |       ||     9
       Tailslap          |     1 |     1 |     9 |     3 ||    14
       Quarterstaff      |       |    28 |    67 |    17 ||   112
 Cast: Foxfire           |    65 |   107 |   218 |   111 ||   501
       Scorch            |     9 |     6 |    36 |    12 ||    63
       Flame Wave        |       |       |     1 |       ||     1
  Use: Scroll            |       |     3 |     8 |       ||    11
       Potion            |       |       |     1 |     1 ||     2
 Stab: Sleeping          |     1 |       |       |       ||     1
       Paralysed         |       |     3 |    19 |     7 ||    29
Armor: Robe              |     1 |     9 |    19 |     4 ||    33
Dodge: Dodged            |     6 |    11 |    35 |     9 ||    61
Block: Other             |     1 |     2 |    21 |     8 ||    32
       Reflection        |       |       |       |     2 ||     2

Table legend: (Time is in decaauts)
 A = Elapsed time spent in this place.
 B = Non-inter-level travel time spent in this place.
 C = Inter-level travel time spent in this place.
 D = Time resting spent in this place.
 E = Time spent auto-exploring this place.
 F = Levels seen in this place.
 G = Mean time per level.
                   A        B        C        D        E       F      G
               +--------+--------+--------+--------+--------+-----+--------+
         Total |  10394 |  10207 |    187 |      0 |   8703 |  11 |  944.9 |
       Dungeon |  10289 |  10102 |    187 |      0 |   8630 |   9 | 1143.2 |
  Orcish Mines |    105 |    105 |      0 |      0 |     73 |   2 |   52.5 |
               +--------+--------+--------+--------+--------+-----+--------+

Top non-repeatable levels by time:
     D:9: 2137 daAuts
     D:5: 1207 daAuts
     D:2: 1122 daAuts
     D:1: 1121 daAuts
     D:4: 1117 daAuts
     D:7: 1050 daAuts
     D:6: 1040 daAuts
     D:3: 775 daAuts
     D:8: 716 daAuts
   Orc:1: 90 daAuts
   Orc:2: 15 daAuts
